 Dungeon Crawl Stone Soup version 0.29.0-4-gdea44cf6ec (webtiles) character file.

Game seed: 8498448467102901214

99 qw the Chopper (level 4, 0/26 HPs)
             Began as a Tengu Warper on Aug 28, 2022.
             Frozen to death by an endoplasm (2 damage)
             ... on level 2 of the Dungeon.
             The game lasted 00:00:11 (1821 turns).

qw the Chopper (Tengu Warper)                       Turns: 1821, Time: 00:00:12

Health: 0/26       AC:  3    Str: 13    XL:     4   Next: 72%
Magic:  8/8        EV: 12    Int: 13    God:
Gold:   56         SH:  0    Dex: 14    Spells: 7/7 levels left

rFire   . . .      SeeInvis .   Y - +0 hand axe
rCold   . . .      Faith    .   (no shield)
rNeg    . . .      Spirit   .   b - +0 leather armour
rPois   .          Reflect  .   (helmet restricted)
rElec   .          Harm     .   (no cloak)
rCorr   .          Rampage  .   (no gloves)
Will    .....                   (boots unavailable)
Stlth   +.........              (no amulet)
HPRegen 0.08/turn               (no ring)
MPRegen 0.11/turn               (no ring)

@: no status effects
A: beak, talons 3
a: no special abilities


You were on level 2 of the Dungeon.
You visited 1 branch of the dungeon, and saw 2 of its levels.

You collected 56 gold pieces.


Innate Abilities, Weirdness & Mutations

You have a beak for a mouth.
You have claws for feet.


   Skills:
 - Level 2.0 Fighting
 + Level 5.2 Axes
 - Level 1.0 Throwing
 - Level 1.1 Armour
 - Level 2.1 Dodging
 - Level 2.0 Spellcasting
 - Level 2.4 Translocations


You had 7 spell levels left.
You didn't know any spells.
Your spell library contained the following spells:

 Spells                   Type           Power      Damage    Failure   Level
 Blink                    Tloc           14%        N/A       19%         2
 Gell's Gravitas          Tloc           7%         N/A       36%         3
 Lesser Beckoning         Tloc           7%         N/A       36%         3
 Teleport Other           Tloc           7%         N/A       36%         3
 Manifold Assault         Tloc           7%         N/A       98%         5

Inventory:

Hand Weapons
 j - a +0 flail
 Y - a +0 hand axe (weapon)
Armour
 b - a +0 leather armour (worn)
Jewellery
 e - an amulet of faith
Scrolls
 a - a scroll of enchant armour {unknown}
 i - 2 scrolls of identify
Potions
 c - a potion of lignification {unknown}
 d - a potion of haste {unknown}
 f - a potion of mutation {unknown}
 g - 2 potions of flight {unknown}
 h - 3 potions of berserk rage {unknown}
 k - a potion of brilliance {unknown}

Dungeon Overview and Level Annotations

Branches:
Dungeon (2/15)

Altars:

Annotations:
D:2 Robin


Message History

The hobgoblin barely misses you. The goblin barely misses you.
The goblin closely misses you. The goblin completely misses you.
You barely miss Robin. Your kick misses Robin.
Robin is heavily wounded.
You barely miss the hobgoblin. You hit the goblin. x2
You kill the goblin!
You hit the goblin.
You kill the goblin!
Robin flexes a bicep menacingly.
Robin closely misses you.
The hobgoblin hits you but does no damage.
An endoplasm comes into view.
The goblin hits you with a +0 club.
You barely miss Robin.
The endoplasm quivers.
You claw Robin, but do no damage.
Robin is heavily wounded.
You hit the hobgoblin.
You kill the hobgoblin!
You hit the goblin. Robin hits you but does no damage.
The goblin barely misses you.
You closely miss the goblin. You claw the goblin.
You kill the goblin!
You hit Robin but do no damage.
Robin hits you with a +0 dagger of protection.
You closely miss Robin. You claw Robin.
Robin is heavily wounded.
Robin hits you but does no damage.
You hit Robin. You claw Robin, but do no damage.
Robin is heavily wounded.
Robin misses you.
You hit Robin.
Robin is severely wounded.
You hit the endoplasm. Robin completely misses you.
The endoplasm jiggles.
The endoplasm closely misses you. The endoplasm freezes you.
You are frozen.
You die...

## ## ## ... ..# #.#
....
..########..#######.....
..##........#..)))......
........#.###.[.@.......
........>.###..Jg)......
.........)...%..........
..........###..>........
......................##
.......####.......$...#
###.#### ##......#####
##...#####..........
##.#................


You could see Robin and an endoplasm.

Vanquished Creatures
  3 adders (D:2)
  4 dart slugs
  4 endoplasms
  6 giant cockroaches
  13 goblins
  5 hobgoblins (D:2)
  2 jackals (D:1)
  A quokka (D:1)
  6 ball pythons
  2 bats
  8 kobolds
  4 rats (D:1)
58 creatures vanquished.

Notes
Turn   | Place    | Note
-------+----------+-------------------------------------------
     0 | D:1      | qw the Tengu Warper began the quest for the Orb.
     0 | D:1      | Reached XP level 1. HP: 12/12 MP: 4/4
     0 | D:1      | 0 ||| qw: Version: 0.1-a-89-g26bdef1
     0 | D:1      | 0 ||| qw: Game counter: 2215
     0 | D:1      | 0 ||| qw: Always use a shield: true
     0 | D:1      | 0 ||| qw: God list: Okawaru
     0 | D:1      | 0 ||| qw: Allow faded altars: false
     0 | D:1      | 0 ||| qw: Do Orc after D:15 true
     0 | D:1      | 0 ||| qw: Do second Lair branch before Depths: true
     0 | D:1      | 0 ||| qw: Lair rune preference: random
     0 | D:1      | 0 ||| qw: Plans: Normal
     0 | D:1      | 0 ||| PLANNING D:1-11
   106 | D:1      | 106 ||| Stepping ~*~*~tactically~*~*~ (hiding).
   217 | D:1      | 217 ||| Stepping ~*~*~tactically~*~*~ (hiding).
   218 | D:1      | 218 ||| Stepping ~*~*~tactically~*~*~ (hiding).
   228 | D:1      | Reached skill level 3 in Axes
   228 | D:1      | Reached XP level 2. HP: 15/17 MP: 6/6
   340 | D:1      | Found a faded altar of an unknown god.
   374 | D:1      | 374 ||| Stepping ~*~*~tactically~*~*~ (stealth).
   399 | D:1      | 399 ||| Stepping ~*~*~tactically~*~*~ (stealth).
   427 | D:1      | 427 ||| DROPPING +0 club.
   525 | D:1      | 525 ||| Stepping ~*~*~tactically~*~*~ (hiding).
   658 | D:1      | 658 ||| Stepping ~*~*~tactically~*~*~ (stealth).
   691 | D:1      | Reached XP level 3. HP: 21/21 MP: 7/7
   700 | D:1      | 700 ||| DROPPING +0 whip.
   939 | D:1      | Reached skill level 4 in Axes
  1248 | D:1      | 1248 ||| READING scroll labelled NOWEQAOBYA.
  1249 | D:1      | 1249 ||| READING 2 scrolls labelled BAXOTA TIUSHO.
  1250 | D:1      | 1250 ||| DROPPING scroll of blinking.
  1666 | D:2      | Reached XP level 4. HP: 24/26 MP: 8/8
  1682 | D:2      | 1682 ||| Stepping ~*~*~tactically~*~*~ (stealth).
  1697 | D:2      | 1697 ||| Stepping ~*~*~tactically~*~*~ (stealth).
  1698 | D:2      | 1698 ||| Stepping ~*~*~tactically~*~*~ (stealth).
  1713 | D:2      | 1713 ||| Stepping ~*~*~tactically~*~*~ (stealth).
  1715 | D:2      | 1715 ||| Stepping ~*~*~tactically~*~*~ (stealth).
  1718 | D:2      | 1718 ||| Stepping ~*~*~tactically~*~*~ (stealth).
  1724 | D:2      | 1724 ||| Stepping ~*~*~tactically~*~*~ (stealth).
  1799 | D:2      | Reached skill level 5 in Axes
  1802 | D:2      | Noticed Robin
  1813 | D:2      | HP: 5/26 [hobgoblin[Robin] (3)]
  1818 | D:2      | HP: 2/26 [Robin/+0 dagger of protection (2)]
  1821 | D:2      | Frozen to death by an endoplasm

Levels and vault maps discovered:
D:1:      matt_arrival_spirals, layout_basic, hellmonk_ecumenical_altar_run_dry,
          st_stairs_9, chequers_mini_garden
D:2:      layout_rooms, serial_shops, nicolae_shop_waterfront, uniq_robin

Skill      XL: |  1  2  3  4 |
---------------+-------------+-----
Axes           | 3 4 5 |  5.2
Fighting       | |  2.0
Throwing       | |  1.0
Armour         | |  1.1
Dodging        | |  2.1
Spellcasting   | |  2.0
Translocations | |  2.4

Action                   |  1- 3 |  4- 6 || total
-------------------------+-------+-------++-------
Melee: Hand axe          |    87 |    44 ||   131
       Peck              |    12 |     3 ||    15
       Punch             |     1 |       ||     1
       Kick              |    17 |    14 ||    31
Throw: Boomerang         |     7 |       ||     7
  Use: Scroll            |     2 |       ||     2
Armor: Leather armour    |    14 |    11 ||    25
Dodge: Dodged            |    49 |    39 ||    88

Table legend:
 A = Non-vault XP
 B = Vault XP
 C = Vault XP percentage of total XP
 D = Non-vault monster count
 E = Vault monster count
 F = Vault count percentage of total count
                 A         B        C        D         E       F
            +---------+---------+-------+---------+---------+-------
      Total |     113 |      29 |  20.4 |      43 |      15 |  25.9
            +---------+---------+-------+---------+---------+-------
        D:1 |      40 |       7 |  14.9 |      22 |       3 |  12.0
        D:2 |      73 |      22 |  23.2 |      21 |      12 |  36.4
            +---------+---------+-------+---------+---------+-------
